Kings vs Flames

Created - October 7 2011 at 19:05

Goals
1 2 3 T
Kings 1 3 0 4
Flames 1 0 2 3
Shots
1 2 3 T
Kings 14 8 3 25
Flames 11 13 15 39

Period #1

1. Flames , Anze Kopitar 1 (Claude Giroux, Josh Gorges) at 11:05 (SH)
2. Kings , Wojtek Wolski 1 (Evgeny Dadonov, Darroll Powe) at 15:33

Penalties :
Darroll Powe (LOS) for Tripping (Minor) at 0:35, Darroll Powe (LOS) for Hooking (Minor) at 4:56, Jiri Hudler (CGY) for High sticking (Minor) at 9:06, Dan Hamhuis (CGY) for Fighting (Major) at 10:59, Craig Adams (LOS) for Fighting (Major) at 10:59, Darroll Powe (LOS) for Hooking (Minor) at 13:24, Anze Kopitar (CGY) for Roughing (Minor) at 16:53

Period #2

3. Kings , Evgeny Dadonov 1 (Jonathon Blum) at 11:14
4. Kings , Wojtek Wolski 2 (Jack Hillen, Darroll Powe) at 15:02
5. Kings , Matt Duchene 1 (Joe Corvo) at 16:38 (PP)

Penalties :
Dan Boyle (CGY) for Hooking (Minor) at 2:26, Anze Kopitar (CGY) for Tripping (Minor) at 7:47, Zach Bogosian (CGY) for Roughing (Minor) at 8:59, John Tavares (CGY) for High sticking (Double Minor) at 15:30, Jack Hillen (LOS) for Roughing (Minor) at 19:11

Period #3

6. Flames , Dan Boyle 1 (Claude Giroux, Pierre-Marc Bouchard) at 10:57 (PP)
7. Flames , Jiri Hudler 1 (Jack Johnson, Rob Schremp) at 17:28

Penalties :
Joe Corvo (LOS) for Tripping (Minor) at 0:23, Jonathon Blum (LOS) for High sticking (Minor) at 9:03, Joffrey Lupul (CGY) for Holding (Minor) at 14:07

Goalie Stats

Ondrej Pavelec (LOS), 36 saves from 39 shots - (0.923), W, 1-1-0, 60:00 minutes
Miikka Kiprusoff (CGY), 21 saves from 25 shots - (0.840), L, 0-1-0, 59:01 minutes

Players Stats

Kings
Player Name              G  A  P  +/- PIM S  H  SB FO    MP 
------------------------------------------------------------
Blair Jones              0  0  0   0  0   1  0  0  6/10  6  
Brian Rolston            0  0  0   0  0   0  1  0  2/5   18 
Bryan Allen              0  0  0   0  0   1  2  1  0/0   23 
Craig Adams              0  0  0   0  5   0  1  1  0/0   8  
Darroll Powe             0  2  2   3  6   0  4  0  7/22  15 
Erik Condra              0  0  0   0  0   0  0  0  0/0   5  
Evgeny Dadonov           1  1  2   3  0   3  1  0  0/0   13 
Jack Hillen              0  1  1   3  2   1  1  2  0/0   15 
Jamie McBain             0  0  0  -2  0   2  2  2  0/0   22 
Jason Arnott             0  0  0  -2  0   2  0  0  9/20  17 
Joe Corvo                0  1  1   0  2   2  0  3  0/0   24 
Jonathon Blum            0  1  1   3  2   2  4  0  0/0   13 
Matt Duchene             1  0  1   0  0   1  1  1  22/30 22 
Michael Frolik           0  0  0  -2  0   0  0  0  0/3   15 
Mike Lundin              0  0  0  -2  0   0  0  3  0/0   22 
Sean Bergenheim          0  0  0  -2  0   4  2  0  0/4   21 
Sergei Samsonov          0  0  0   0  0   2  0  0  0/1   16 
Wojtek Wolski            2  0  2   3  0   4  0  1  0/1   13 
Flames
Player Name              G  A  P  +/- PIM S  H  SB FO    MP 
------------------------------------------------------------
Alex Steen               0  0  0  -1  0   3  0  0  1/1   23 
Anze Kopitar             1  0  1   1  4   5  5  0  14/32 22 
Carl Gunnarsson          0  0  0   1  0   0  0  0  0/0   4  
Claude Giroux            0  2  2   0  0   4  1  1  1/1   21 
Dan Boyle                1  0  1   0  2   3  1  1  0/0   23 
Dan Hamhuis              0  0  0   0  5   1  2  2  0/0   22 
Erik Johnson             0  0  0  -1  0   5  0  0  0/0   20 
Jack Johnson             0  1  1  -1  0   1  1  0  0/0   20 
Jiri Hudler              1  0  1  -1  2   3  2  0  2/2   13 
Joffrey Lupul            0  0  0  -1  2   3  2  0  0/0   14 
John Tavares             0  0  0  -1  4   3  0  1  17/33 20 
Josh Gorges              0  1  1   0  0   0  0  4  0/0   17 
Mikael Samuelsson        0  0  0   0  0   3  3  0  1/4   17 
Pierre-Marc Bouchard     0  1  1   0  0   3  0  0  1/1   16 
Rob Schremp              0  1  1  -1  0   1  2  0  11/16 13 
Rostislav Olesz          0  0  0   0  0   0  0  0  2/6   5  
Teddy Purcell            0  0  0   0  0   0  0  0  0/0   1  
Zach Bogosian            0  0  0  -1  2   1  0  0  0/0   15 

3 Stars

1 - Wojtek Wolski (LOS)
2 - Evgeny Dadonov (LOS)
3 - Jonathon Blum (LOS)

Power Play

Kings - 1 on 7 Attempt(s) - 14.29%
Flames - 1 on 6 Attempt(s) - 16.67%

Penalty Kill

Kings - 5 on 6 Attempt(s) - 83.33% - Score 0 goal in Penalty Kill
Flames - 6 on 7 Attempt(s) - 85.71% - Score 1 goal in Penalty Kill

Game Notes

Dan Hamhuis beats up Craig Adams at 10:59 of 1st period

Finance

Level 1 -- Attendance: 6233 (95.89%) -- Ticket Income $467,475.00
Level 2 -- Attendance: 4494 (89.88%) -- Ticket Income $224,700.00
Level 3 -- Attendance: 3500 (100.00%) -- Ticket Income $105,000.00
Level 4 -- Attendance: 2527 (76.83%) -- Ticket Income $45,486.00
Luxury Box -- Attendance: 1000 (100.00%) -- Ticket Income $150,000.00
Game was played at the ScotiaBank Saddledome
Total Attendance: 17754 (92.04%)
Total Ticket Income: $1,080,574.00
Other Income: $178,096.50
Total Income: $1,258,670.00


Play by Play

Period #1

0:01 of 1st period - Brian Rolston wins face-off versus Anze Kopitar in neutral zone.
0:04 of 1st period - Dan Boyle is hit by Matt Duchene and loses puck.
0:17 of 1st period - Shot by Mikael Samuelsson.
0:17 of 1st period - Shot Misses the Net.
0:19 of 1st period - Shot by Pierre-Marc Bouchard.
0:19 of 1st period - Shot Misses the Net.
0:23 of 1st period - Shot by Mikael Samuelsson.
0:23 of 1st period - Stopped by Ondrej Pavelec without a rebound.
0:24 of 1st period - Jason Arnott wins face-off versus John Tavares in Kings zone.
0:31 of 1st period - Shot by Sean Bergenheim.
0:31 of 1st period - Stopped by Miikka Kiprusoff without a rebound.
0:32 of 1st period - Jiri Hudler wins face-off versus Darroll Powe in Flames zone.
0:32 of 1st period - Jiri Hudler is hit by Darroll Powe.
0:35 of 1st period - Minor Penalty to Darroll Powe for Tripping.
0:36 of 1st period - Matt Duchene wins face-off versus John Tavares in Kings zone.
1:11 of 1st period - Shot by Dan Hamhuis.
1:11 of 1st period - Shot Blocked by Matt Duchene.
2:01 of 1st period - Shot by Jack Johnson.
2:01 of 1st period - Shot Blocked by Jamie McBain.
2:03 of 1st period - Shot by Pierre-Marc Bouchard.
2:03 of 1st period - Deflect By Anze Kopitar.
2:03 of 1st period - Shot Misses the Net.
2:05 of 1st period - Shot by Anze Kopitar.
2:05 of 1st period - Shot Blocked by Mike Lundin.
2:07 of 1st period - Shot by Jack Johnson.
2:07 of 1st period - Deflect By Anze Kopitar.
2:07 of 1st period - Shot Misses the Net.
2:18 of 1st period - Icing by Dan Hamhuis.
2:19 of 1st period - John Tavares wins face-off versus Matt Duchene in Flames zone.
2:30 of 1st period - Shot by Alex Steen.
2:30 of 1st period - Stopped by Ondrej Pavelec without a rebound.
2:31 of 1st period - Matt Duchene wins face-off versus Anze Kopitar in Kings zone.
2:46 of 1st period - Jonathon Blum is hit by Joffrey Lupul and loses puck.
2:53 of 1st period - Shot by Wojtek Wolski.
2:53 of 1st period - Stopped by Miikka Kiprusoff without a rebound.
2:54 of 1st period - Blair Jones wins face-off versus John Tavares in Flames zone.
2:58 of 1st period - Shot by Bryan Allen.
2:58 of 1st period - Shot Misses the Net.
3:00 of 1st period - Shot by Blair Jones.
3:00 of 1st period - Stopped by Miikka Kiprusoff without a rebound.
3:01 of 1st period - John Tavares wins face-off versus Sean Bergenheim in Flames zone.
3:07 of 1st period - Claude Giroux is hit by Jamie McBain and loses puck.
3:41 of 1st period - Off-side.
3:42 of 1st period - Matt Duchene wins face-off versus Mikael Samuelsson in neutral zone.
3:47 of 1st period - Shot by Bryan Allen.
3:47 of 1st period - Shot Blocked by Dan Hamhuis.
4:02 of 1st period - Off-side.
4:03 of 1st period - Rob Schremp wins face-off versus Darroll Powe in neutral zone.
4:14 of 1st period - Shot by Joffrey Lupul.
4:14 of 1st period - Shot Misses the Net.
4:27 of 1st period - Off-side.
4:28 of 1st period - Blair Jones wins face-off versus Anze Kopitar in neutral zone.
4:32 of 1st period - Joe Corvo is hit by Dan Boyle and loses puck.
4:48 of 1st period - Icing by Anze Kopitar.
4:49 of 1st period - Anze Kopitar wins face-off versus Michael Frolik in Flames zone.
4:49 of 1st period - Mikael Samuelsson is hit by Sean Bergenheim and loses puck.
4:55 of 1st period - Icing by Dan Hamhuis.
4:56 of 1st period - Pierre-Marc Bouchard wins face-off versus Darroll Powe in Flames zone.
4:56 of 1st period - Minor Penalty to Darroll Powe for Hooking.
4:57 of 1st period - Matt Duchene wins face-off versus John Tavares in Kings zone.
5:31 of 1st period - Shot by Erik Johnson.
5:31 of 1st period - Stopped by Ondrej Pavelec without a rebound.
5:32 of 1st period - Matt Duchene wins face-off versus Anze Kopitar in Kings zone.
5:59 of 1st period - Shot by Jack Johnson.
5:59 of 1st period - Shot Misses the Net.
6:01 of 1st period - Shot by Jack Johnson.
6:01 of 1st period - Shot Blocked by Craig Adams.
6:03 of 1st period - Shot by Claude Giroux.
6:03 of 1st period - Deflect By Anze Kopitar.
6:03 of 1st period - Shot Blocked by Bryan Allen.
6:05 of 1st period - Shot by Claude Giroux.
6:05 of 1st period - Deflect By Pierre-Marc Bouchard.
6:05 of 1st period - Shot Blocked by Joe Corvo.
6:07 of 1st period - Shot by Dan Boyle.
6:07 of 1st period - Shot Misses the Net.
6:11 of 1st period - Shot by Anze Kopitar.
6:11 of 1st period - Stopped by Ondrej Pavelec without a rebound.
6:12 of 1st period - John Tavares wins face-off versus Brian Rolston in Kings zone.
6:15 of 1st period - Shot by Mikael Samuelsson.
6:15 of 1st period - Shot Misses the Net.
6:32 of 1st period - Shot by John Tavares.
6:32 of 1st period - Stopped by Ondrej Pavelec without a rebound.
6:33 of 1st period - Brian Rolston wins face-off versus Anze Kopitar in Kings zone.
6:53 of 1st period - Icing by Pierre-Marc Bouchard.
6:54 of 1st period - Matt Duchene wins face-off versus Anze Kopitar in Flames zone.
6:57 of 1st period - Shot by Evgeny Dadonov.
6:57 of 1st period - Shot Misses the Net.
7:01 of 1st period - Shot by Jonathon Blum.
7:01 of 1st period - Stopped by Miikka Kiprusoff without a rebound.
7:02 of 1st period - John Tavares wins face-off versus Darroll Powe in Flames zone.
7:26 of 1st period - Shot by Evgeny Dadonov.
7:26 of 1st period - Shot Blocked by Josh Gorges.
7:28 of 1st period - Shot by Darroll Powe.
7:28 of 1st period - Deflect By Evgeny Dadonov.
7:28 of 1st period - Stopped by Miikka Kiprusoff without a rebound.
7:29 of 1st period - Blair Jones wins face-off versus Rob Schremp in Flames zone.
7:41 of 1st period - Shot by Jiri Hudler.
7:41 of 1st period - Deflect By Rob Schremp.
7:41 of 1st period - Stopped by Ondrej Pavelec without a rebound.
7:42 of 1st period - Jason Arnott wins face-off versus Anze Kopitar in Kings zone.
7:57 of 1st period - Shot by Jason Arnott.
7:57 of 1st period - Shot Misses the Net.
7:59 of 1st period - Shot by Sean Bergenheim.
7:59 of 1st period - Shot Blocked by Dan Boyle.
9:05 of 1st period - Shot by Joffrey Lupul.
9:05 of 1st period - Shot Blocked by Joe Corvo.
9:06 of 1st period - Minor Penalty to Jiri Hudler for High sticking.
9:07 of 1st period - John Tavares wins face-off versus Jason Arnott in Flames zone.
10:12 of 1st period - Shot by Bryan Allen.
10:12 of 1st period - Shot Misses the Net.
10:59 of 1st period - Dan Hamhuis beats up Craig Adams.
10:59 of 1st period - Penalty to Dan Hamhuis for Fighting.
10:59 of 1st period - Penalty to Craig Adams for Fighting.
11:00 of 1st period - Anze Kopitar wins face-off versus Jason Arnott in Kings zone.
11:05 of 1st period - Shot by Anze Kopitar.
11:05 of 1st period - Goal by Anze Kopitar - Kings : 0 - Flames : 1.
11:06 of 1st period - Jiri Hudler wins face-off versus Darroll Powe in neutral zone.
11:15 of 1st period - Icing by Evgeny Dadonov.
11:16 of 1st period - Rob Schremp wins face-off versus Darroll Powe in Kings zone.
11:59 of 1st period - Icing by Bryan Allen.
12:00 of 1st period - Alex Steen wins face-off versus Blair Jones in Kings zone.
12:53 of 1st period - Shot by Jason Arnott.
12:53 of 1st period - Stopped by Miikka Kiprusoff without a rebound.
12:54 of 1st period - Darroll Powe wins face-off versus Anze Kopitar in Flames zone.
13:05 of 1st period - Shot by Evgeny Dadonov.
13:05 of 1st period - Deflect By Wojtek Wolski.
13:05 of 1st period - Stopped by Miikka Kiprusoff with a rebound.
13:24 of 1st period - Minor Penalty to Darroll Powe for Hooking.
13:25 of 1st period - Mikael Samuelsson wins face-off versus Brian Rolston in Kings zone.
13:35 of 1st period - Icing by Alex Steen.
13:36 of 1st period - Matt Duchene wins face-off versus John Tavares in Flames zone.
13:57 of 1st period - Shot by John Tavares.
13:57 of 1st period - Stopped by Ondrej Pavelec with a rebound.
14:27 of 1st period - Shot by Anze Kopitar.
14:27 of 1st period - Stopped by Ondrej Pavelec without a rebound.
14:28 of 1st period - Anze Kopitar wins face-off versus Brian Rolston in Kings zone.
15:11 of 1st period - Shot by Sergei Samsonov.
15:11 of 1st period - Stopped by Miikka Kiprusoff with a rebound.
15:13 of 1st period - Shot by Sean Bergenheim.
15:13 of 1st period - Stopped by Miikka Kiprusoff with a rebound.
15:33 of 1st period - Shot by Wojtek Wolski.
15:33 of 1st period - Goal by Wojtek Wolski - Kings : 1 - Flames : 1.
15:34 of 1st period - Rob Schremp wins face-off versus Darroll Powe in neutral zone.
15:36 of 1st period - Off-side.
15:37 of 1st period - Darroll Powe wins face-off versus Rob Schremp in neutral zone.
15:47 of 1st period - Evgeny Dadonov is hit by Jack Johnson and loses puck.
16:21 of 1st period - Icing by Darroll Powe.
16:22 of 1st period - Claude Giroux wins face-off versus Wojtek Wolski in Kings zone.
16:22 of 1st period - Claude Giroux is hit by Jonathon Blum.
16:24 of 1st period - Shot by John Tavares.
16:24 of 1st period - Shot Blocked by Wojtek Wolski.
16:50 of 1st period - Shot by Alex Steen.
16:50 of 1st period - Stopped by Ondrej Pavelec without a rebound.
16:51 of 1st period - Anze Kopitar wins face-off versus Matt Duchene in Kings zone.
16:53 of 1st period - Minor Penalty to Anze Kopitar for Roughing.
16:54 of 1st period - Matt Duchene wins face-off versus Rostislav Olesz in Flames zone.
17:07 of 1st period - Shot by Joe Corvo.
17:07 of 1st period - Shot Blocked by Josh Gorges.
17:16 of 1st period - Icing by Joe Corvo.
17:17 of 1st period - John Tavares wins face-off versus Sergei Samsonov in Kings zone.
17:21 of 1st period - Icing by Bryan Allen.
17:22 of 1st period - John Tavares wins face-off versus Matt Duchene in Kings zone.
18:06 of 1st period - Icing by Bryan Allen.
18:07 of 1st period - Rostislav Olesz wins face-off versus Matt Duchene in Kings zone.
18:35 of 1st period - Shot by Jason Arnott.
18:35 of 1st period - Shot Misses the Net.
18:37 of 1st period - Shot by Sean Bergenheim.
18:37 of 1st period - Stopped by Miikka Kiprusoff with a rebound.
18:39 of 1st period - Shot by Jamie McBain.
18:39 of 1st period - Shot Blocked by Josh Gorges.
18:41 of 1st period - Shot by Mike Lundin.
18:41 of 1st period - Shot Blocked by Claude Giroux.
18:43 of 1st period - Shot by Jamie McBain.
18:43 of 1st period - Deflect By Jason Arnott.
18:43 of 1st period - Shot Misses the Net.
19:00 of 1st period - Icing by Rob Schremp.
19:01 of 1st period - Rob Schremp wins face-off versus Darroll Powe in Flames zone.
19:01 of 1st period - Rob Schremp is hit by Darroll Powe.
19:07 of 1st period - Shot by Erik Johnson.
19:07 of 1st period - Stopped by Ondrej Pavelec without a rebound.
19:08 of 1st period - Anze Kopitar wins face-off versus Darroll Powe in Kings zone.
19:30 of 1st period - Shot by Jack Hillen.
19:30 of 1st period - Stopped by Miikka Kiprusoff with a rebound.
19:32 of 1st period - Shot by Jonathon Blum.
19:32 of 1st period - Stopped by Miikka Kiprusoff without a rebound.
19:33 of 1st period - Rob Schremp wins face-off versus Jason Arnott in Flames zone.
19:38 of 1st period - Shot by Erik Johnson.
19:38 of 1st period - Shot Blocked by Mike Lundin.
19:56 of 1st period - Shot by Jason Arnott.
19:56 of 1st period - Stopped by Miikka Kiprusoff with a rebound.

Period #2

0:01 of 2nd period - Matt Duchene wins face-off versus Mikael Samuelsson in neutral zone.
0:01 of 2nd period - Matt Duchene is hit by Anze Kopitar.
0:29 of 2nd period - Joe Corvo is hit by Anze Kopitar and loses puck.
1:01 of 2nd period - Icing by Josh Gorges.
1:02 of 2nd period - John Tavares wins face-off versus Jason Arnott in Flames zone.
1:02 of 2nd period - John Tavares is hit by Sean Bergenheim.
1:35 of 2nd period - Icing by Mike Lundin.
1:36 of 2nd period - Rob Schremp wins face-off versus Jason Arnott in Kings zone.
2:05 of 2nd period - Shot by Rob Schremp.
2:05 of 2nd period - Shot Misses the Net.
2:09 of 2nd period - Shot by Rob Schremp.
2:09 of 2nd period - Shot Misses the Net.
2:13 of 2nd period - Shot by Joffrey Lupul.
2:13 of 2nd period - Shot Misses the Net.
2:26 of 2nd period - Minor Penalty to Dan Boyle for Hooking.
2:27 of 2nd period - Matt Duchene wins face-off versus Anze Kopitar in Flames zone.
3:01 of 2nd period - Shot by Joe Corvo.
3:01 of 2nd period - Stopped by Miikka Kiprusoff without a rebound.
3:02 of 2nd period - Jason Arnott wins face-off versus Anze Kopitar in Flames zone.
3:03 of 2nd period - Shot by Jamie McBain.
3:03 of 2nd period - Shot Blocked by Josh Gorges.
4:36 of 2nd period - Erik Johnson is hit by Jack Hillen and loses puck.
5:23 of 2nd period - Shot by Pierre-Marc Bouchard.
5:23 of 2nd period - Stopped by Ondrej Pavelec without a rebound.
5:24 of 2nd period - John Tavares wins face-off versus Blair Jones in Kings zone.
5:27 of 2nd period - Shot by Claude Giroux.
5:27 of 2nd period - Stopped by Ondrej Pavelec without a rebound.
5:28 of 2nd period - Blair Jones wins face-off versus Anze Kopitar in Kings zone.
5:28 of 2nd period - Blair Jones is hit by Mikael Samuelsson.
5:38 of 2nd period - Anze Kopitar is hit by Craig Adams and loses puck.
5:50 of 2nd period - Erik Condra is hit by Dan Hamhuis and loses puck.
6:48 of 2nd period - Icing by Mike Lundin.
6:49 of 2nd period - Rob Schremp wins face-off versus Sean Bergenheim in Kings zone.
6:50 of 2nd period - Shot by Joffrey Lupul.
6:50 of 2nd period - Stopped by Ondrej Pavelec with a rebound.
7:42 of 2nd period - Shot by Claude Giroux.
7:42 of 2nd period - Shot Misses the Net.
7:44 of 2nd period - Shot by Zach Bogosian.
7:44 of 2nd period - Stopped by Ondrej Pavelec without a rebound.
7:45 of 2nd period - Anze Kopitar wins face-off versus Matt Duchene in Kings zone.
7:45 of 2nd period - Dan Hamhuis is hit by Bryan Allen and loses puck.
7:47 of 2nd period - Minor Penalty to Anze Kopitar for Tripping.
7:48 of 2nd period - John Tavares wins face-off versus Matt Duchene in Flames zone.
8:30 of 2nd period - Icing by Bryan Allen.
8:31 of 2nd period - Matt Duchene wins face-off versus Rostislav Olesz in Kings zone.
8:46 of 2nd period - Off-side.
8:47 of 2nd period - Jason Arnott wins face-off versus John Tavares in neutral zone.
8:50 of 2nd period - Shot by Jamie McBain.
8:50 of 2nd period - Shot Misses the Net.
8:54 of 2nd period - Shot by Michael Frolik.
8:54 of 2nd period - Shot Hit the Post.
8:56 of 2nd period - Shot by Sean Bergenheim.
8:56 of 2nd period - Stopped by Miikka Kiprusoff with a rebound.
8:59 of 2nd period - Minor Penalty to Zach Bogosian for Roughing.
9:00 of 2nd period - Rostislav Olesz wins face-off versus Jason Arnott in Flames zone.
9:57 of 2nd period - Matt Duchene is hit by Dan Hamhuis and loses puck.
10:12 of 2nd period - Shot by Alex Steen.
10:12 of 2nd period - Stopped by Ondrej Pavelec without a rebound.
10:13 of 2nd period - John Tavares wins face-off versus Jason Arnott in Kings zone.
11:14 of 2nd period - Shot by Evgeny Dadonov.
11:14 of 2nd period - Goal by Evgeny Dadonov - Kings : 2 - Flames : 1.
11:15 of 2nd period - Blair Jones wins face-off versus Anze Kopitar in neutral zone.
11:50 of 2nd period - Shot by Anze Kopitar.
11:50 of 2nd period - Stopped by Ondrej Pavelec without a rebound.
11:51 of 2nd period - Darroll Powe wins face-off versus Rob Schremp in Kings zone.
11:51 of 2nd period - Evgeny Dadonov is hit by Joffrey Lupul and loses puck.
12:12 of 2nd period - Shot by Jiri Hudler.
12:12 of 2nd period - Stopped by Ondrej Pavelec without a rebound.
12:13 of 2nd period - John Tavares wins face-off versus Sean Bergenheim in Kings zone.
12:18 of 2nd period - Shot by Claude Giroux.
12:18 of 2nd period - Shot Misses the Net.
12:20 of 2nd period - Shot by Claude Giroux.
12:20 of 2nd period - Stopped by Ondrej Pavelec without a rebound.
12:21 of 2nd period - Anze Kopitar wins face-off versus Darroll Powe in Kings zone.
12:30 of 2nd period - Shot by Pierre-Marc Bouchard.
12:30 of 2nd period - Stopped by Ondrej Pavelec with a rebound.
12:32 of 2nd period - Shot by Dan Hamhuis.
12:32 of 2nd period - Shot Blocked by Jack Hillen.
12:34 of 2nd period - Shot by Dan Hamhuis.
12:34 of 2nd period - Stopped by Ondrej Pavelec with a rebound.
12:38 of 2nd period - Shot by Mikael Samuelsson.
12:38 of 2nd period - Stopped by Ondrej Pavelec without a rebound.
12:39 of 2nd period - Jason Arnott wins face-off versus John Tavares in Kings zone.
13:17 of 2nd period - Icing by Jamie McBain.
13:18 of 2nd period - Rob Schremp wins face-off versus Michael Frolik in Kings zone.
13:51 of 2nd period - Shot by Evgeny Dadonov.
13:51 of 2nd period - Stopped by Miikka Kiprusoff without a rebound.
13:52 of 2nd period - Matt Duchene wins face-off versus Anze Kopitar in Flames zone.
14:24 of 2nd period - Mikael Samuelsson is hit by Bryan Allen.
14:36 of 2nd period - Shot by Anze Kopitar.
14:36 of 2nd period - Shot Misses the Net.
15:02 of 2nd period - Shot by Wojtek Wolski.
15:02 of 2nd period - Goal by Wojtek Wolski - Kings : 3 - Flames : 1.
15:03 of 2nd period - Jason Arnott wins face-off versus Rob Schremp in neutral zone.
15:26 of 2nd period - Shot by Joffrey Lupul.
15:26 of 2nd period - Shot Blocked by Jamie McBain.
15:28 of 2nd period - Shot by Erik Johnson.
15:28 of 2nd period - Stopped by Ondrej Pavelec without a rebound.
15:29 of 2nd period - Darroll Powe wins face-off versus John Tavares in Kings zone.
15:29 of 2nd period - Darroll Powe is hit by Claude Giroux.
15:30 of 2nd period - Double Minor Penalty to John Tavares for High sticking.
15:31 of 2nd period - Matt Duchene wins face-off versus Rostislav Olesz in Flames zone.
15:50 of 2nd period - Shot by Bryan Allen.
15:50 of 2nd period - Stopped by Miikka Kiprusoff without a rebound.
15:51 of 2nd period - Anze Kopitar wins face-off versus Jason Arnott in Flames zone.
16:30 of 2nd period - Icing by Brian Rolston.
16:31 of 2nd period - Matt Duchene wins face-off versus Anze Kopitar in Kings zone.
16:38 of 2nd period - Shot by Matt Duchene.
16:38 of 2nd period - Goal by Matt Duchene - Kings : 4 - Flames : 1.
16:39 of 2nd period - Anze Kopitar wins face-off versus Jason Arnott in neutral zone.
17:30 of 2nd period - Shot by Joe Corvo.
17:30 of 2nd period - Stopped by Miikka Kiprusoff without a rebound.
17:31 of 2nd period - Matt Duchene wins face-off versus Rostislav Olesz in Flames zone.
18:47 of 2nd period - Rob Schremp is hit by Jonathon Blum and loses puck.
18:55 of 2nd period - Joffrey Lupul is hit by Jonathon Blum and loses puck.
19:04 of 2nd period - Shot by Joffrey Lupul.
19:04 of 2nd period - Stopped by Ondrej Pavelec with a rebound.
19:08 of 2nd period - Shot by Rob Schremp.
19:08 of 2nd period - Shot Misses the Net.
19:10 of 2nd period - Shot by Jack Johnson.
19:10 of 2nd period - Shot Misses the Net.
19:11 of 2nd period - Minor Penalty to Jack Hillen for Roughing.
19:12 of 2nd period - Matt Duchene wins face-off versus John Tavares in Kings zone.
19:40 of 2nd period - Sean Bergenheim is hit by Mikael Samuelsson and loses puck.
19:55 of 2nd period - Joe Corvo is hit by Anze Kopitar.

Period #3

0:01 of 3rd period - Anze Kopitar wins face-off versus Matt Duchene in neutral zone.
0:23 of 3rd period - Minor Penalty to Joe Corvo for Tripping.
0:24 of 3rd period - Darroll Powe wins face-off versus John Tavares in Kings zone.
0:49 of 3rd period - Shot by John Tavares.
0:49 of 3rd period - Shot Misses the Net.
0:51 of 3rd period - Shot by Erik Johnson.
0:51 of 3rd period - Stopped by Ondrej Pavelec without a rebound.
0:52 of 3rd period - Anze Kopitar wins face-off versus Jason Arnott in Kings zone.
1:11 of 3rd period - Shot by Dan Boyle.
1:11 of 3rd period - Shot Blocked by Mike Lundin.
1:13 of 3rd period - Shot by Jack Johnson.
1:13 of 3rd period - Stopped by Ondrej Pavelec without a rebound.
1:14 of 3rd period - Matt Duchene wins face-off versus John Tavares in Kings zone.
1:32 of 3rd period - Mikael Samuelsson is hit by Jamie McBain and loses puck.
2:19 of 3rd period - Shot by Dan Boyle.
2:19 of 3rd period - Stopped by Ondrej Pavelec with a rebound.
2:35 of 3rd period - Shot by Erik Johnson.
2:35 of 3rd period - Stopped by Ondrej Pavelec without a rebound.
2:36 of 3rd period - Blair Jones wins face-off versus John Tavares in Kings zone.
2:38 of 3rd period - Icing by Joe Corvo.
2:39 of 3rd period - John Tavares wins face-off versus Blair Jones in Kings zone.
2:46 of 3rd period - Shot by Claude Giroux.
2:46 of 3rd period - Stopped by Ondrej Pavelec without a rebound.
2:47 of 3rd period - Anze Kopitar wins face-off versus Darroll Powe in Kings zone.
4:02 of 3rd period - Shot by Joffrey Lupul.
4:02 of 3rd period - Shot Misses the Net.
5:12 of 3rd period - Zach Bogosian is hit by Darroll Powe and loses puck.
5:38 of 3rd period - Claude Giroux is hit by Jonathon Blum and loses puck.
5:49 of 3rd period - Jack Hillen is hit by Mikael Samuelsson.
6:01 of 3rd period - Shot by Anze Kopitar.
6:01 of 3rd period - Deflect By Mikael Samuelsson.
6:01 of 3rd period - Shot Misses the Net.
6:03 of 3rd period - Shot by Dan Hamhuis.
6:03 of 3rd period - Shot Misses the Net.
6:05 of 3rd period - Shot by Dan Hamhuis.
6:05 of 3rd period - Shot Misses the Net.
6:07 of 3rd period - Shot by Dan Boyle.
6:07 of 3rd period - Deflect By Anze Kopitar.
6:07 of 3rd period - Shot Misses the Net.
6:11 of 3rd period - Shot by Dan Hamhuis.
6:11 of 3rd period - Deflect By Mikael Samuelsson.
6:11 of 3rd period - Stopped by Ondrej Pavelec without a rebound.
6:12 of 3rd period - Matt Duchene wins face-off versus Rob Schremp in Kings zone.
6:12 of 3rd period - Matt Duchene is hit by Jiri Hudler.
6:34 of 3rd period - Shot by Brian Rolston.
6:34 of 3rd period - Shot Misses the Net.
6:38 of 3rd period - Shot by Matt Duchene.
6:38 of 3rd period - Shot Misses the Net.
6:40 of 3rd period - Shot by Sergei Samsonov.
6:40 of 3rd period - Stopped by Miikka Kiprusoff without a rebound.
6:41 of 3rd period - Jason Arnott wins face-off versus Mikael Samuelsson in Flames zone.
6:44 of 3rd period - Shot by Michael Frolik.
6:44 of 3rd period - Shot Misses the Net.
7:50 of 3rd period - Shot by Joffrey Lupul.
7:50 of 3rd period - Shot Blocked by Joe Corvo.
8:17 of 3rd period - Icing by Craig Adams.
8:18 of 3rd period - John Tavares wins face-off versus Blair Jones in Kings zone.
9:02 of 3rd period - Shot by John Tavares.
9:02 of 3rd period - Stopped by Ondrej Pavelec without a rebound.
9:03 of 3rd period - Anze Kopitar wins face-off versus Darroll Powe in Kings zone.
9:03 of 3rd period - Minor Penalty to Jonathon Blum for High sticking.
9:04 of 3rd period - Anze Kopitar wins face-off versus Darroll Powe in Kings zone.
9:27 of 3rd period - Shot by Jack Johnson.
9:27 of 3rd period - Shot Hit the Post.
9:31 of 3rd period - Shot by Dan Boyle.
9:31 of 3rd period - Stopped by Ondrej Pavelec with a rebound.
9:33 of 3rd period - Shot by Anze Kopitar.
9:33 of 3rd period - Stopped by Ondrej Pavelec without a rebound.
9:34 of 3rd period - Darroll Powe wins face-off versus John Tavares in Kings zone.
9:40 of 3rd period - Icing by Dan Hamhuis.
9:41 of 3rd period - Darroll Powe wins face-off versus John Tavares in Flames zone.
9:42 of 3rd period - Shot by Jamie McBain.
9:42 of 3rd period - Shot Misses the Net.
10:11 of 3rd period - Shot by Jack Hillen.
10:11 of 3rd period - Shot Blocked by John Tavares.
10:14 of 3rd period - Icing by Erik Johnson.
10:15 of 3rd period - John Tavares wins face-off versus Darroll Powe in Flames zone.
10:17 of 3rd period - Icing by Dan Hamhuis.
10:18 of 3rd period - John Tavares wins face-off versus Sean Bergenheim in Flames zone.
10:57 of 3rd period - Shot by Dan Boyle.
10:57 of 3rd period - Goal by Dan Boyle - Kings : 4 - Flames : 2.
10:58 of 3rd period - Rob Schremp wins face-off versus Darroll Powe in neutral zone.
10:58 of 3rd period - Rob Schremp is hit by Evgeny Dadonov.
11:24 of 3rd period - Jonathon Blum is hit by Rob Schremp and loses puck.
11:31 of 3rd period - Jack Johnson is hit by Darroll Powe and loses puck.
11:46 of 3rd period - Icing by Bryan Allen.
11:47 of 3rd period - Matt Duchene wins face-off versus Anze Kopitar in Kings zone.
11:52 of 3rd period - Joe Corvo is hit by Anze Kopitar and loses puck.
13:55 of 3rd period - Jonathon Blum is hit by Jiri Hudler and loses puck.
14:07 of 3rd period - Minor Penalty to Joffrey Lupul for Holding.
14:08 of 3rd period - John Tavares wins face-off versus Matt Duchene in Flames zone.
14:25 of 3rd period - Shot by Joe Corvo.
14:25 of 3rd period - Shot Misses the Net.
14:33 of 3rd period - Shot by Matt Duchene.
14:33 of 3rd period - Shot Hit the Post.
14:35 of 3rd period - Shot by Sergei Samsonov.
14:35 of 3rd period - Shot Blocked by Dan Hamhuis.
14:37 of 3rd period - Shot by Bryan Allen.
14:37 of 3rd period - Shot Misses the Net.
15:01 of 3rd period - Shot by Jamie McBain.
15:01 of 3rd period - Stopped by Miikka Kiprusoff with a rebound.
15:03 of 3rd period - Shot by Jamie McBain.
15:03 of 3rd period - Stopped by Miikka Kiprusoff without a rebound.
15:04 of 3rd period - Jason Arnott wins face-off versus John Tavares in Flames zone.
15:48 of 3rd period - Icing by Mike Lundin.
15:49 of 3rd period - Jason Arnott wins face-off versus Anze Kopitar in Kings zone.
16:34 of 3rd period - Off-side.
16:35 of 3rd period - Matt Duchene wins face-off versus John Tavares in neutral zone.
16:58 of 3rd period - Shot by Claude Giroux.
16:58 of 3rd period - Stopped by Ondrej Pavelec without a rebound.
16:59 of 3rd period - Matt Duchene wins face-off versus Anze Kopitar in Kings zone.
17:24 of 3rd period - Shot by Pierre-Marc Bouchard.
17:24 of 3rd period - Stopped by Ondrej Pavelec without a rebound.
17:25 of 3rd period - Rob Schremp wins face-off versus Michael Frolik in Kings zone.
17:28 of 3rd period - Shot by Jiri Hudler.
17:28 of 3rd period - Goal by Jiri Hudler - Kings : 4 - Flames : 3.
17:29 of 3rd period - Rob Schremp wins face-off versus Jason Arnott in neutral zone.
17:47 of 3rd period - Shot by Joffrey Lupul.
17:47 of 3rd period - Stopped by Ondrej Pavelec with a rebound.
17:49 of 3rd period - Shot by Jiri Hudler.
17:49 of 3rd period - Stopped by Ondrej Pavelec with a rebound.
18:16 of 3rd period - Brian Rolston is hit by Rob Schremp and loses puck.
18:24 of 3rd period - Icing by Joe Corvo.
18:25 of 3rd period - Matt Duchene wins face-off versus Anze Kopitar in Kings zone.
18:25 of 3rd period - Matt Duchene is hit by Anze Kopitar.
19:01 of 3rd period - Flames, Miikka Kiprusoff is pulled from the net.
19:31 of 3rd period - Josh Gorges is hit by Brian Rolston and loses puck.
19:50 of 3rd period - Shot by Rostislav Olesz.
19:50 of 3rd period - Shot Misses the Net.
19:52 of 3rd period - Shot by Alex Steen.
19:52 of 3rd period - Shot Blocked by Jack Hillen.


Output by the SimonT Hockey Simulator (STHS) for Stephane Roy -- Original Page W3C XHTML 1.0 Valid